 Dungeon Crawl Stone Soup version 0.26.1-11-gd32895ea62 (webtiles) character file.

Game seed: 10626596999928805462

89 Arcadio the Sneak (level 4, -3/29 HPs)
             Began as an Octopode Brigand on May 22, 2021.
             Was an Initiate of Fedhas.
             Slain by an orc
             ... wielding a +0 club
              (8 damage)
             ... on level 2 of the Dungeon.
             The game lasted 00:02:48 (1768 turns).

Arcadio the Sneak (Octopode Brigand)                Turns: 1768, Time: 00:02:49

Health: -3/29      AC:  1    Str: 10    XL:     4   Next: 55%
Magic:  4/4        EV: 14    Int: 13    God:    Fedhas [......]
Gold:   85         SH:  0    Dex: 14    Spells: 3/3 levels left

rFire    . . .     SeeInvis .   a - +2 dagger
rCold    . . .     Faith    .   (no shield)
rNeg     . . .     Spirit   .   (helmet restricted)
rPois    .         Reflect  .   (no amulet)
rElec    .         Harm     .   (no ring)
rCorr    .         Rampage  .   (no ring)
Will     .....                  (no ring)
Stlth    ++++......             (no ring)
HPRegen  0.09/turn              (no ring)
MPRegen  0.09/turn              (no ring)
                                (no ring)
                                (no ring)

@: no status effects
A: almost no armour, stealthy swim, amphibious, 8 rings, constrict 8, camouflage
1, gelatinous body 1
a: Renounce Religion


You were on level 2 of the Dungeon.
You worshipped Fedhas.
Fedhas was noncommittal.
You visited 1 branch of the dungeon, and saw 3 of its levels.

You collected 85 gold pieces.

Inventory:

Hand Weapons
 a - a +2 dagger (weapon)
Missiles
 b - 21 poisoned darts (quivered)
 c - 2 curare-tipped darts
Wands
 n - a wand of flame (17)
Scrolls
 d - a scroll of amnesia {unknown}
 g - a scroll of magic mapping {unknown}
 h - a scroll of noise
 i - a scroll of identify
 k - 2 scrolls of enchant armour {unknown}
 l - a scroll of remove curse
 m - a scroll of fear {unknown}
Potions
 e - a potion of curing
 f - 2 potions of flight
 j - a potion of ambrosia
 o - a potion of attraction
 p - a potion of berserk rage
 q - a potion of mutation
 r - a potion of heal wounds


   Skills:
 - Level 2.0 Fighting
 + Level 3.1 Short Blades
 - Level 2.0 Throwing
 + Level 2.4 Dodging
 + Level 6.4 Stealth


You had 3 spell levels left.
You didn't know any spells.
Your spell library was empty.

Dungeon Overview and Level Annotations

Branches:
Dungeon (3/15)

Altars:
Fedhas
The Shining One


Innate Abilities, Weirdness & Mutations

You cannot wear most types of armour.
You are very stealthy in the water. (Stealth+)
You are amphibious.
You can wear up to eight rings at the same time.
You can use your tentacles to constrict eight enemies at once.
Your skin changes colour to match your surroundings (Stealth+).
Your rubbery body absorbs attacks. (AC +1, EV +1)


Message History

You hit the orc but do no damage. Your grab misses the orc.
The orc is moderately wounded.
The orc hits you with a +2 vorpal mace!
You barely miss the orc. You grab the orc.
The orc is moderately wounded.
You constrict the orc, but do no damage.
The orc hits you with a +2 vorpal mace.
* * * LOW HITPOINT WARNING * * *
x2 You barely miss the orc.
You squeeze the orc.
You kill the orc!
Fedhas accepts your kill. The orc barely misses you.
You climb upwards.
There is a stone staircase leading down here.
You hit the orc. You grab the orc.
The orc is severely wounded.
You constrict the orc, but do no damage.
The orc hits you with a +0 club!
You die...
Fedhas appreciates your contribution to the ecosystem.

....#####.#...........####.......
...#####..........#..## #........
.....##....####..##..## #........
......................###......<.
...........#######..#.#.....)....
........#.<..#####......###......
.#....###.#.............#....####
##....##.....###.#.###....##.#
##....#..###..##@.....#...##.#
##......## ##....o....#.#.##.####
#####.### ##........#.#....#... #
#..# ####.#................. #.##
#.......##.............
##.######.......##.#...........
###..##..............#...........
........###..)....####...........
######### #.......# ###....##...


You could see an orc.

Vanquished Creatures
  Jessica (D:3)
  3 adders (D:2)
  A worm (D:2)
  2 dart slugs
  A leopard gecko (D:1)
  An orc (D:3)
  4 bats
  4 goblins
  2 hobgoblins
  4 kobolds
  2 frilled lizards
  4 rats
29 creatures vanquished.

Notes
Turn   | Place    | Note
-------+----------+-------------------------------------------
     0 | D:1      | Arcadio the Octopode Brigand began the quest for the Orb.
     0 | D:1      | Reached XP level 1. HP: 14/14 MP: 1/1
   330 | D:1      | Reached XP level 2. HP: 19/19 MP: 2/2
   820 | D:2      | Reached XP level 3. HP: 15/24 MP: 3/3
  1201 | D:2      | Found a blossoming altar of Fedhas.
  1223 | D:2      | Reached skill level 6 in Stealth
  1251 | D:2      | Became a worshipper of Fedhas Madash
  1488 | D:2      | Found a glowing golden altar of the Shining One.
  1604 | D:3      | Reached XP level 4. HP: 26/29 MP: 4/4
  1651 | D:3      | Noticed Jessica
  1658 | D:3      | Killed Jessica
  1768 | D:2      | Slain by an orc

Illustrated notes

Levels and vault maps discovered:
D:1:      amcnicky_arrival_flooded_fountain, layout_basic,
          minmay_misc_feat_pillars
D:2:      layout_rooms, general_overflow_altar, tso_altar
D:3:      layout_basic, minmay_misc_feat_doors, uniq_jessica

Skill      XL: |  1  2  3  4 |
---------------+-------------+-----
Dodging        | 2 |  2.4
Stealth        | 6 |  6.4
Short Blades   | 3 |  3.1
Fighting       | |  2.0
Throwing       | |  2.0

Action                   |  1- 3 |  4- 6 || total
-------------------------+-------+-------++-------
Melee: Dagger            |    38 |    15 ||    53
       Tentacles         |     4 |     3 ||     7
       Constrict         |     9 |     5 ||    14
  Use: Scroll            |     2 |     5 ||     7
       Potion            |     2 |       ||     2
 Stab: Sleeping          |     9 |     1 ||    10
Armor: Skin              |     2 |     1 ||     3
Dodge: Dodged            |    17 |    15 ||    32
